 Dungeon Crawl Stone Soup version 0.19-a0-1815-g4007336 (webtiles) character file.

250 Ijustatesigmund the Magician (level 5, 0/24 HPs)
             Began as a Spriggan Wizard on Oct 5, 2016.
             Was an Initiate of Ru.
             Killed from afar by an orc wizard (6 damage)
             ... with a magic dart
             ... on level 4 of the Dungeon.
             The game lasted 00:11:08 (4313 turns).

Ijustatesigmund the Magician (Spriggan Wizard)      Turns: 4313, Time: 00:11:08

Health: 0/24       AC:  2    Str:  3    XL:     5   Next: 88%
Magic:  4/15       EV: 19    Int: 21    God:    Ru [......]
Gold:   152        SH:  0    Dex: 14    Spells: 5 memorised, 7 levels left

rFire  . . .     SeeInvis +     e - +0 dagger (venom)
rCold  . . .     Gourm    .     a - +0 robe
rNeg   . . .     Faith    .     (shield restricted)
rPois  .         Spirit   .     b - +0 hat
rElec  .         Dismiss  .     (no cloak)
rCorr  .         Reflect  .     (gloves unavailable)
MR     +....     Harm     .     (boots unavailable)
Stlth  +++.......               (no amulet)
                                (no ring)
                                k - ring of protection from magic (curse)

@: very slightly contaminated, repel missiles, very quick
A: unfitting armour, see invisible, herbivore 3, speed 3, slow metabolism 2
a: Renounce Religion


You were on level 4 of the Dungeon.
You worshipped Ru.
Ru was noncommittal.
You were not hungry.

You visited 2 branches of the dungeon, and saw 6 of its levels.

You collected 152 gold pieces.

Inventory:

Hand Weapons
 e - a +0 dagger of venom (weapon)
Missiles
 j - 3 curare-tipped needles
Armour
 a - a +0 robe (worn)
 b - a +0 hat (worn)
Jewellery
 k - a cursed ring of protection from magic (left hand)
Wands
 n - a wand of slowing (34/48)
Scrolls
 f - 3 scrolls of teleportation
 m - 5 scrolls of remove curse
 o - a scroll of recharging
 p - 2 scrolls of blinking
Potions
 l - a potion of brilliance
 q - a potion of ambrosia {unknown}
 r - a potion of heal wounds {unknown}
Books
 c - a book of Minor Magic

   Spells                             Type                      Level
   a - Magic Dart                     Conjuration                  1
   b - Blink                          Translocation                2
   c - Call Imp                       Summoning                    2
   d - Repel Missiles                 Charms/Air                   2
   e - Slow                           Hexes                        2
   f - Conjure Flame                  Conjuration/Fire             3
   g - Mephitic Cloud                 Conjuration/Poison/Air       3
Comestibles
 d - 6 bread rations
 g - 2 slices of pizza
 h - a fruit


   Skills:
 + Level 4.3 Dodging
 + Level 4.8 Stealth
 + Level 7.1 Spellcasting
 - Level 0.6 Conjurations
   Level 0.7 Summonings
 - Level 1.5 Translocations


You had 7 spell levels left.
You knew the following spells:

 Your Spells              Type           Power        Failure   Level  Hunger
a - Magic Dart            Conj           ##..         10%         1    None
b - Blink                 Tloc           N/A          10%         2    None
c - Repel Missiles        Chrm/Air       #.....       14%         2    None
d - Mephitic Cloud        Conj/Pois/Air  #.......     30%         3    None
e - Conjure Flame         Conj/Fire      #.......     24%         3    None


Dungeon Overview and Level Annotations

Branches:
Dungeon (5/15)             Temple (1/1) D:4

Altars:
Ashenzari
Cheibriados
Elyvilon
Fedhas
Gozag
Hepliaklqana
Kikubaaqudgha
Okawaru
Qazlal
Ru
Trog
Uskayaw
Vehumet
Xom
Zin
The Shining One


Innate Abilities, Weirdness & Mutations

You are very small and have problems with some larger weapons.
You are too small for most types of armour.
You have supernaturally acute eyesight. (SInv)
You are a herbivore.
You cover ground extremely quickly.
You need consume almost no food.


Message History

The orc wizard barely misses you. The orc misses you.
The orc wizard closely misses you.
Casting: Magic Dart
Confirm with . or Enter, or press ? or * to list all spells.
Aiming: Mephitic Cloud
Press: ? - help, Shift-Dir - straight line, f/p - orc wizard
Aim: an orc wizard, wielding a dagger and wearing a robe (severely wounded, fast)
You miscast Mephitic Cloud.
You are very lightly contaminated with residual magic.
You feel faint for a moment.
The orc wizard hits you but does no damage.
The orc wizard casts a spell.
The orc wizard points at you and mumbles some strange words.
The magic dart hits you!
* * * LOW HITPOINT WARNING * * *
The orc wizard gestures wildly while chanting.
The orc wizard blinks!
The orc wizard casts a spell at you. The magic dart hits you!
You die...

##### ....# ....# ....###
......# ######
....#.############....####
..........................
.<..#.############o...####
>...............@.....o.#
[.###.############....#§##
......# #....#..# #.#####
#######.# #.##### #.#
......# #.#
......########## #..#
.........†.....###### ##[#
######.#######.##...#
..######


You could see an orc wizard and an orc.

Vanquished Creatures
  A scorpion (D:5)
  An iguana (D:4)
  A worker ant (D:4)
  A worker ant zombie (D:3)
  6 adders
  2 oozes (D:4)
  2 worms
  2 dart slugs
  5 leopard geckos
  2 orcs
  2 giant cockroaches
  5 hobgoblins
  4 kobolds
  5 quokkas
  3 ball pythons
  4 bats
  5 frilled lizards
  7 goblins
  A hobgoblin zombie (D:5)
  2 kobold skeletons (D:5)
  A quokka skeleton (D:4)
  A quokka zombie (D:3)
  3 rats
66 creatures vanquished.

Notes
Turn   | Place    | Note
-------+----------+-------------------------------------------
     0 | D:1      | Ijustatesigmund the Spriggan Wizard began the quest for the Orb.
     0 | D:1      | Reached XP level 1. HP: 9/9 MP: 6/6
   604 | D:1      | Reached XP level 2. HP: 13/13 MP: 5/8
   651 | D:1      | Learned a level 2 spell: Blink
   654 | D:1      | Learned a level 2 spell: Repel Missiles
  1273 | D:2      | Reached skill level 5 in Spellcasting
  1359 | D:2      | Reached XP level 3. HP: 14/16 MP: 3/10
  1407 | D:2      | Learned a level 3 spell: Mephitic Cloud
  1411 | D:2      | Learned a level 3 spell: Conjure Flame
  1783 | D:2      | Found a blossoming altar of Fedhas.
  2117 | D:3      | Reached skill level 6 in Spellcasting
  2259 | D:3      | Reached XP level 4. HP: 13/21 MP: 2/13
  2990 | D:4      | Reached XP level 5. HP: 7/24 MP: 10/15
  3242 | D:5      | Entered Level 5 of the Dungeon
  3584 | D:5      | Found a glowing golden altar of the Shining One.
  3750 | D:4      | Found a staircase to the Ecumenical Temple.
  3759 | Temple   | Entered the Ecumenical Temple
  3818 | Temple   | Became a worshipper of Ru the Awakened
  3926 | D:4      | Reached skill level 7 in Spellcasting
  4313 | D:4      | Killed from afar by an orc wizard

Vault maps used:
D:1:      mushboom_english_gardens
D:2:      fedhas_altar_3
D:3:      serial_undead, serial_undead_c, serial_undead_d, serial_undead_b,
          serial_undead_e, first_bread
D:4:      nemelex_xobeh_ov_fountains_minmay
D:5:      nicolae_tso_besieged_by_evil, yredelemnul_altar_generic, minitemple,
          serial_shops, shop_statue
Temple:   zaba_magenta_temple

Skill      XL: |  1  2  3  4  5 |
---------------+----------------+-----
Spellcasting   | 5 6 7 |  7.1
Stealth        | 4 |  4.8
Dodging        | 4 |  4.3
Conjurations   | |  0.6
Summonings     | |  0.7
Translocations | |  1.5

Action                   |  1- 3 |  4- 6 || total
-------------------------+-------+-------++-------
Melee: Short sword       |     7 |       ||     7
       Dagger            |    19 |    29 ||    48
 Cast: Magic Dart        |   108 |   137 ||   245
       Repel Missiles    |     2 |       ||     2
  Use: Scroll            |     8 |     1 ||     9
       Potion            |       |     3 ||     3
 Stab: Sleeping          |     1 |     2 ||     3
  Eat: Pizza             |       |     1 ||     1
Armor: Robe              |     2 |     3 ||     5
Dodge: Dodged            |    37 |    39 ||    76
       Deflected         |     1 |       ||     1
